 Dungeon Crawl Stone Soup version 0.30.0-10-gfe55d96785 (webtiles) character file.

Game seed: 2578076287295932493

65 Chodeload the Ruffian (level 3, 0/30 HPs)
             Began as a Demigod Wanderer on May 15, 2023.
             Slain by Natasha (2 damage)
             ... on level 2 of the Dungeon.
             The game lasted 00:03:42 (1544 turns).

Chodeload the Ruffian (Demigod Wanderer)            Turns: 1544, Time: 00:03:43

Health: 0/30       AC:  4    Str: 16    XL:     3   Next: 67%
Magic:  6/6        EV: 10    Int: 15    God:
Gold:   112        SH:  4    Dex: 13    Spells: 2/4 levels left

rFire   + .          .
                       - Unarmed
rCold   + . .        n - +0 buckler
rNeg    . . .        v - +0 leather armour
rPois   .            (no helmet)
rElec   .            l - scarf {rC+ rF+}
rCorr   .            (no gloves)
SInv    .            u - +0 pair of boots
Will    .....        (no amulet)
Stlth   +            q - ring of wizardry
HPRegen 0.25/turn    (no ring)
MPRegen 0.10/turn

%: wizardry (x1)
@: no status effects
A: high MP 1, forlorn, divine attributes
a: no special abilities


You were on level 2 of the Dungeon.
You visited 1 branch of the dungeon, and saw 2 of its levels.

You collected 112 gold pieces.

Inventory:

Missiles
 g - 16 stones (quivered)
 p - 3 poisoned darts
Armour
 l - a scarf of resistance (worn)
 n - a +0 buckler (worn)
 u - a +0 pair of boots (worn)
 v - a +0 leather armour (worn)
Jewellery
 q - a ring of wizardry (left hand)
Scrolls
 c - 2 scrolls of teleportation
 f - a scroll of enchant weapon {unknown}
 h - 2 scrolls of poison {unknown}
 i - a scroll of fog {unknown}
 m - 2 scrolls of identify {unknown}
 r - a scroll of fear {unknown}
 s - a scroll of magic mapping {unknown}
 t - a scroll of noise {unknown}
Potions
 a - 2 potions of might {unknown}
 b - a potion of invisibility
 d - a potion of curing
 j - a potion of mutation {unknown}
 k - a potion of heal wounds {unknown}
 o - a potion of flight {unknown}


   Skills:
 + Level 2.7 Fighting
 - Level 1.0 Throwing
 - Level 1.0 Armour
 - Level 1.0 Stealth
 + Level 1.3 Shields
 + Level 3.4 Unarmed Combat
 - Level 1.0 Spellcasting
 - Level 1.0 Translocations


You had 2 spell levels left.
You knew the following spells:

 Your Spells              Type           Power      Damage    Failure   Level
a - Lesser Beckoning      Tloc           6%         N/A       16%         2

Your spell library contained the following spells:

 Spells                   Type           Power      Damage    Failure   Level
 Slow                     Hex            0%         N/A       16%         1
 Momentum Strike          Conj/Tloc      4%         3d8       19%         2
 Confusing Touch          Hex            0%         N/A       41%         3
 Vampiric Draining        Necr           0%         2d6       41%         3


Dungeon Overview and Level Annotations

Branches:
Dungeon (2/15)

Annotations:
D:2 Natasha


Innate Abilities, Weirdness & Mutations

You have an increased reservoir of magic. (+10% MP)
You shall have no god before yourself.
Your divine heritage dramatically boosts your attributes as you level up.


Message History

You continue putting on your +0 leather armour. x5
You finish putting on your +0 leather armour.
You drop a +0 robe.
Unknown command.
A worm comes into view.
The worm barely misses you.
You see here a +0 long sword.
You hit the worm.
The worm is lightly wounded.
You hit the worm.
The worm is lightly wounded.
You hit the worm.
The worm is moderately wounded.
You hit the worm.
The worm is severely wounded.
Natasha, Servant of Life and Death comes into view.
She is carrying a wand of flame (24).
The worm barely misses you.
Natasha hisses angrily.
You hit the worm.
The worm is severely wounded.
Natasha drinks a potion.
Natasha seems to speed up.
The worm bites you.
You hit the worm.
The worm is almost dead.
You punch the worm!
You kill the worm!
Natasha casts a spell at you. The magic dart hits you!
Natasha casts a spell at you. The magic dart hits you.
You see here a worm corpse.
You are too injured to fight recklessly!
You are too injured to fight recklessly!
You are too injured to fight recklessly!
You are too injured to fight recklessly!
Natasha claws you!
* * * LOW HITPOINT WARNING * * *
Natasha claws you.
* * * LOW HITPOINT WARNING * * *
You barely miss Natasha. Natasha closely misses you. Natasha claws you.
You die...

..#####......#............# #.#
..############............# #.#
..'....................##.#####.#
..#############.#.###.###.......#
.......# #..................#####
..####.# #.####......#.##...#
...# #.###.######.#.##.##...#
##.###.#.....##.h...##.##...##
................@............#
##.###.#...####†#.####.##.#.##
#<)# #.#...####)#.####.##.#.#
#..# #.#[...................#
#..# #.#...####.#.####.##.###
#..# #.##### #.#.# #.##.# #..#
#.# #.#.# #.##.# #..###.# #.#.#
#.##.# #....#.# #.#. #.##.#


You could see Natasha (fast).

Vanquished Creatures
  Natasha (D:2)
  An adder (D:2)
  A worm (D:2)
  3 dart slugs
  2 ball pythons (D:2)
  A bat (D:1)
  4 endoplasms
  A hobgoblin (D:2)
  2 kobolds (D:1)
  2 quokkas (D:1)
  A frilled lizard (D:2)
  4 goblins
23 creatures vanquished.

Notes
Turn   | Place    | Note
-------+----------+-------------------------------------------
     0 | D:1      | Chodeload the Demigod Wanderer began the quest for the Orb.
     0 | D:1      | Chodeload set off with the following items: a +0 dagger, a
                  | potion of invisibility, a scroll of teleportation, a potion
                  | of curing, a +0 robe, a potion of berserk rage; and the
                  | following spells available to memorise: Lesser Beckoning,
                  | Momentum Strike.
     0 | D:1      | Reached XP level 1. HP: 17/17 MP: 4/4
   218 | D:1      | Reached skill level 3 in Unarmed Combat
   282 | D:1      | Reached XP level 2. HP: 9/24 MP: 5/5
   673 | D:2      | Learned a level 2 spell: Lesser Beckoning
   966 | D:2      | Reached XP level 3. HP: 17/30 MP: 6/6
  1172 | D:2      | Noticed Natasha
  1181 | D:2      | Killed Natasha
  1182 | D:2      | Reached skill level 1 in Shields
  1538 | D:2      | Noticed Natasha
  1543 | D:2      | HP: 1/30 [Natasha (5)]
  1544 | D:2      | Slain by Natasha

Illustrated notes

Levels and vault maps discovered:
D:1:      dpeg_arrival_rhombi, layout_rooms, chequers_serial_rivers_small_a,
          minmay_crystal_water
D:2:      layout_basic, uniq_natasha

Skill      XL: |  1  2  3 |
---------------+----------+-----
Fighting       | 2 |  2.7
Unarmed Combat | 3 |  3.4
Shields        | 1 |  1.3
Throwing       | |  1.0
Armour         | |  1.0
Stealth        | |  1.0
Spellcasting   | |  1.0
Translocations | |  1.0

Action                     || total
---------------------------++-------
  Melee: Unarmed           ||    79
  Throw: Stone             ||    14
         Dart              ||     3
    Use: Potion            ||     1
   Stab: Sleeping          ||     5
 Armour: Robe              ||     8
  Dodge: Dodged            ||    27
  Block: Buckler           ||     5
